 Dungeon Crawl Stone Soup version 0.27.1-2-g3b301248ec (webtiles) character file.

Game seed: 10710487388551122378

5 nxtlvl the Charlatan (level 1, -3/15 HPs)
             Began as a Formicid Artificer on Sept 26, 2021.
             Slain by a quokka (4 damage)
             ... on level 1 of the Dungeon.
             The game lasted 00:01:14 (92 turns).

nxtlvl the Charlatan (Formicid Artificer)             Turns: 92, Time: 00:01:15

Health: -3/15      AC:  3    Str: 16    XL:     1   Next: 88%
Magic:  1/1        EV: 11    Int: 10    God:
Gold:   0          SH:  0    Dex: 11    Spells: 0/0 levels left

rFire    . . .     SeeInvis +   a - +0 whip
rCold    . . .     Faith    .   (no shield)
rNeg     . . .     Spirit   .   b - +0 leather armour
rPois    .         Reflect  .   (helmet unavailable)
rElec    .         Harm     .   (no cloak)
rCorr    .         Rampage  .   (no gloves)
Will     .....                  (no boots)
Stlth    +.........             (no amulet)
HPRegen  0.05/turn              (no ring)
MPRegen  0.07/turn              (no ring)

@: no status effects
A: permanent stasis, dig shafts and tunnels, antennae 3, four strong arms
a: Dig, Shaft Self


You were on level 1 of the Dungeon.
You visited 1 branch of the dungeon, and saw 1 of its levels.

Inventory:

Hand Weapons
 a - a +0 whip (weapon)
Armour
 b - a +0 leather armour (worn)
Wands
 c - a wand of flame (15) (quivered)
 d - a wand of charming (15)
Scrolls
 f - a scroll of teleportation {unknown}
Miscellaneous
 e - a piece from Xom's chessboard (15/15)


   Skills:
 + Level 1.2 Fighting
 + Level 2.2 Armour
 + Level 1.1 Dodging
 + Level 1.2 Stealth
 + Level 3.4 Evocations


You couldn't memorise any spells.
You didn't know any spells.
Your spell library was empty.

Dungeon Overview and Level Annotations

Branches:
Dungeon (1/15)

Altars:


Innate Abilities, Weirdness & Mutations

You cannot be hasted, slowed, berserked, paralysed or teleported.
You can dig through walls and to a lower floor.
You have a pair of large antennae on your head. (SInv)
Your four strong arms can wield two-handed weapons with a shield.


Message History

You barely miss the goblin.
The goblin is severely wounded.
The goblin hits you but does no damage.
You closely miss the goblin.
The goblin is severely wounded.
The goblin completely misses you.
You hit the goblin.
You kill the goblin!
Things that are here:
a +0 club; a goblin corpse You sense a monster nearby.
Found a stone staircase leading down.
A frilled lizard comes into view.
The frilled lizard hisses angrily.
The frilled lizard bites you.
* * * LOW HITPOINT WARNING * * *
You barely miss the frilled lizard. The frilled lizard barely misses you.
You hit the frilled lizard.
You kill the frilled lizard!
An endoplasm comes into view.
Found 7 gold pieces.
The endoplasm quivers.
The endoplasm jiggles.
Found a robe.
You hit the endoplasm.
You kill the endoplasm!
A quokka comes into view.
There is a stone staircase leading down here.
You strike the helpless quokka from behind!
You hit the quokka but do no damage.
The quokka bites you but does no damage.
You barely miss the quokka. The quokka closely misses you.
The quokka barely misses you.
You hit the quokka.
The quokka is lightly wounded.
The quokka bites you.
* * * LOW HITPOINT WARNING * * *
You miss the quokka.
The quokka is lightly wounded.
The quokka bites you.
You die...

.. .. { { #.
#.##### #
#.#...##.#
#$#.#...[# ###
#r#...# ##..
#.@..# ### #8..
###..# #.. #...
#..# #.# #8..
#..# #.# ###..
#..# #.#####....
#..####..........
#...............#
#..#####.##.#####
#..# #.##.#


You could see a quokka.

Vanquished Creatures
  An endoplasm (D:1)
  A goblin (D:1)
  A kobold (D:1)
  A frilled lizard (D:1)
  A rat (D:1)
5 creatures vanquished.

Notes
Turn   | Place    | Note
-------+----------+-------------------------------------------
     0 | D:1      | nxtlvl the Formicid Artificer began the quest for the Orb.
     0 | D:1      | Reached XP level 1. HP: 15/15 MP: 1/1
    32 | D:1      | Reached skill level 1 in Dodging
    92 | D:1      | Slain by a quokka

Illustrated notes

Levels and vault maps discovered:
D:1:      mrwooster_arrival_statue_2, layout_loops_ring

Skill      XL: |  1 |
---------------+----+-----
Dodging        | 1 |  1.1
Fighting       | |  1.2
Armour         | |  2.2
Stealth        | |  1.2
Evocations     | |  3.4

Action                   || total
-------------------------++-------
Melee: Whip              ||    17
       Club              ||    11
 Stab: Distracted        ||     1
Armor: Leather armour    ||    10
Dodge: Dodged            ||    15
